 Dungeon Crawl Stone Soup version 0.30.1-6-gbe392663c4 (webtiles) character file.

Game seed: 10790353303706715591

7 Kurtz the Covered (level 2, -10/19 HPs)
             Began as a Tengu Fighter on Sept 20, 2023.
             Mangled by a kobold
             ... wielding a +2 short sword of electrocution
              (11 damage)
             ... on level 2 of the Dungeon.
             The game lasted 00:00:10 (159 turns).

Kurtz the Covered (Tengu Fighter)                    Turns: 159, Time: 00:00:10

Health: -10/19     AC:  6    Str: 16    XL:     2   Next: 0%
Magic:  3/3        EV:  8    Int:  8    God:
Gold:   27         SH:  4    Dex: 13    Spells: 1/1 levels left

rFire   . . .        a - +0 war axe
rCold   . . .        c - +0 buckler
rNeg    . . .        b - +0 scale mail
rPois   .            (helmet restricted)
rElec   .            (no cloak)
rCorr   .            (no gloves)
SInv    .            (boots unavailable)
Will    .....        (no amulet) Stlth
                     (no ring)
HPRegen 0.23/turn    (no ring)
MPRegen 0.08/turn

%: no passive effects
@: no status effects
A: beak, talons 3
a: no special abilities


You were on level 2 of the Dungeon.
You visited 1 branch of the dungeon, and saw 2 of its levels.

You collected 27 gold pieces.

Inventory:

Hand Weapons
 a - a +0 war axe (weapon)
Armour
 b - a +0 scale mail (worn)
 c - a +0 buckler (worn)
Scrolls
 e - 3 scrolls of fear {unknown}
 f - a scroll of identify {unknown}
Potions
 d - a potion of might


   Skills:
 - Level 3.0 Fighting
 * Level 2.9 Axes
 - Level 3.2 Armour
 - Level 3.0 Shields


You had one spell level left.
You didn't know any spells.
Your spell library was empty.

Dungeon Overview and Level Annotations

Branches:
Dungeon (1/15)

Altars:


Innate Abilities, Weirdness & Mutations

You have a beak for a mouth.
You have claws for feet.


Message History

You see here a +0 dagger.
An endoplasm comes into view.
A goblin, a hobgoblin and a kobold come into view.
The kobold is wielding a +2 short sword of electrocution.
The goblin shouts!
The hobgoblin shouts!
The kobold shouts!
The kobold moves out of view.
A giant cockroach comes into view.
The hobgoblin hits you but does no damage.
You slash the endoplasm!
You kill the endoplasm!
You hit the hobgoblin.
The hobgoblin hits you but does no damage.
There are monsters nearby!
There are monsters nearby!
You barely miss the hobgoblin.
The hobgoblin is almost dead.
You block the hobgoblin's attack.
You barely miss the hobgoblin. You claw the hobgoblin.
You kill the hobgoblin!
You hit the kobold. You block the kobold's attack.
You have reached level 2!
You closely miss the kobold. Your kick misses the kobold.
The kobold is moderately wounded.
The kobold hits you with a +2 short sword of electrocution.
You are electrocuted!
Ouch! That really hurt!
* * * LOW HITPOINT WARNING * * *
An endoplasm comes into view.
The kobold hits you but does no damage.
You are too injured to fight recklessly!
You are too injured to fight recklessly!
You are too injured to fight recklessly!
Unknown command.
The kobold attacks as you move away! You block the kobold's attack.
The kobold attacks as you move away!
The kobold hits you with a +2 short sword of electrocution.
* * * LOW HITPOINT WARNING * * *
You are electrocuted!
Ouch! That really hurt!
You die...

###########.#
#........)..#
#.########### #.#..
#.#.# ## #.#.# .
#.#.# .# #.#.# .#
#######@#.# ..#
#......K..###..####
##.####g###........
#......#.####
######.# B# .. .#.
..J.


You could see a goblin and a kobold.

Vanquished Creatures
  An endoplasm (D:2)
  A giant cockroach (D:2)
  2 hobgoblins (D:2)
  A ball python (D:1)
  A goblin (D:2)
6 creatures vanquished.

Notes
Turn   | Place    | Note
-------+----------+-------------------------------------------
     0 | D:1      | Kurtz the Tengu Fighter began the quest for the Orb.
     0 | D:1      | Reached XP level 1. HP: 14/14 MP: 2/2
    60 | D:1      | You fall into a shaft and drop 1 floor!
   152 | D:2      | Reached XP level 2. HP: 19/19 MP: 3/3
   159 | D:2      | Mangled by a kobold

Illustrated notes

Levels and vault maps discovered:
D:1:      minmay_arrival_wavy_path, layout_basic
D:2:      layout_basic, minmay_lizard_king, uniq_crazy_yiuf_cottage

Action                     || total
---------------------------++-------
  Melee: War axe           ||    11
         Kick              ||     3
 Armour: Scale mail        ||     4
  Dodge: Dodged            ||     1
  Block: Buckler           ||     4
